 Dungeon Crawl Stone Soup version 0.29.0-5-ge4962eb29e (webtiles) character file.

Game seed: 10448949892204015963

43 Spectrina the Sneak (level 3, 0/21 (22) HPs)
             Began as a Deep Elf Monk on Aug 28, 2022.
             Slain by Edmund
             ... wielding a +3 flail of draining
              (4 damage)
             ... on level 4 of the Dungeon.
             The game lasted 00:03:31 (534 turns).

Spectrina the Sneak (Deep Elf Monk)                  Turns: 534, Time: 00:03:32

HP:   0/21 (22)     AC:  2    Str:  8    XL:     3   Next: 37%
MP:   5/5           EV: 13    Int: 16    God:
Gold: 91            SH:  0    Dex: 17    Spells: 2/2 levels left

rFire   . . .      SeeInvis .   j - +3 dagger
rCold   . . .      Faith    .   (no shield)
rNeg    . . .      Spirit   .   b - +0 robe
rPois   .          Reflect  .   (no helmet)
rElec   .          Harm     .   (no cloak)
rCorr   .          Rampage  .   (no gloves)
Will    .....                   (no boots)
Stlth   +++.......              (no amulet)
HPRegen 0.07/turn               (no ring)
MPRegen 0.09/turn               (no ring)

@: hasted, lightly drained, very quick
A: no striking features
a: no special abilities


You were on level 4 of the Dungeon.
You visited 1 branch of the dungeon, and saw 3 of its levels.

You collected 91 gold pieces.

Inventory:

Hand Weapons
 a - a +0 short sword
 h - a +0 dagger
 j - a +3 dagger (weapon)
Armour
 b - a +0 robe (worn)
Magical Staves
 i - a staff of poison
Wands
 e - a wand of flame (4)
Potions
 c - a potion of ambrosia
 g - 2 potions of curing


   Skills:
 - Level 2.4 Fighting
 - Level 3.0 Short Blades
 - Level 3.6 Dodging
 + Level 5.0 Stealth


You had 2 spell levels left.
You didn't know any spells.
Your spell library was empty.

Dungeon Overview and Level Annotations

Branches:
Dungeon (2/15)

Altars:

Annotations:
D:4 Edmund


Message History

You close the door.
As you read the scroll labelled KANUDGH GARO, it crumbles to dust.
You feel strangely unstable.
It was a scroll of teleportation.
Your surroundings suddenly seem different.
Found 15 gold pieces.
Unknown command.
You now have 91 gold pieces (gained 15).
You feel a little less mighty now.
Edmund the Younger comes into view.
He is wielding a +3 flail of draining and wearing a +2 ring mail of fire resistance.
Okay, then.
Okay, then.
Okay, then.
As you read the scroll labelled VAUTARISODI, it crumbles to dust.
It is a scroll of identify.
g - 2 potions of curing
As you read the scroll of identify, it crumbles to dust.
k - a potion of haste You aren't carrying any scrolls.
Okay, then.
Aiming: Throw Flame
Press: ? - help, Shift-Dir - straight line, f - Edmund
Aim: Edmund, wielding a +3 flail of draining and wearing a +2 ring mail of fire resistance (72% to hit)
The puff of flame hits Edmund.
Edmund resists.
Edmund is lightly wounded.
Aiming: Throw Flame
Press: ? - help, Shift-Dir - straight line, f/p - Edmund
Aim: Edmund, wielding a +3 flail of draining and wearing a +2 ring mail of fire resistance (lightly wounded, 72% to hit)
The puff of flame hits Edmund but does no damage.
Edmund is lightly wounded.
You feel yourself speed up.
You hit Edmund but do no damage.
Edmund is lightly wounded.
You hit Edmund but do no damage.
Edmund is lightly wounded.
Edmund hits you with a +3 flail of draining!
Ouch! That really hurt!
* * * LOW HITPOINT WARNING * * *
You feel drained.
You die...

... #.#
#### #.#
+..# #.#
#.# #.#
#.# #.#
#.# #@#
#.# #@#
#.# #.#
#.# #.#
#.# #.#
#.# #.#
#.# #.#
#.# #.#
#.#####.#
#.......#


You could see Edmund.

Vanquished Creatures
  Jessica (D:2)
  3 bats
  2 endoplasms (D:1)
  2 hobgoblins
  A jackal (D:1)
  2 kobolds (D:1)
  A quokka (D:1)
  3 frilled lizards (D:1)
  2 goblins
17 creatures vanquished.

Notes
Turn   | Place    | Note
-------+----------+-------------------------------------------
     0 | D:1      | Spectrina the Deep Elf Monk began the quest for the Orb.
     0 | D:1      | Reached XP level 1. HP: 13/13 MP: 3/3
    69 | D:1      | Reached skill level 3 in Stealth
   185 | D:1      | Reached XP level 2. HP: 17/18 MP: 4/4
   432 | D:2      | Noticed Jessica
   443 | D:2      | Reached skill level 4 in Stealth
   452 | D:2      | Killed Jessica
   453 | D:2      | Reached skill level 5 in Stealth
   453 | D:2      | Reached XP level 3. HP: 9/22 MP: 5/5
   490 | D:2      | You fall into a shaft and drop 2 floors!
   527 | D:4      | Noticed Edmund
   534 | D:4      | Slain by Edmund

Illustrated notes

Levels and vault maps discovered:
D:1:      sevenhm_arrival_forest_fort_small_3, layout_basic,
          kennysheep_small_spiral, minmay_statues_item,
          nicolae_concentric_dashed_squares_mild
D:2:      layout_basic, minmay_lizard_pond, uniq_natasha, uniq_jessica
D:4:      layout_basic, minmay_temple_entry_stoned_glass, uniq_edmund

Skill      XL: |  1  2 |
---------------+-------+-----
Stealth        | 3 5 |  5.0
Fighting       | |  2.4
Short Blades   | |  3.0
Dodging        | |  3.6

Action                   || total
-------------------------++-------
Melee: Short sword       ||    33
       Dagger            ||     2
Evoke: Wand              ||     2
  Use: Potion            ||     2
       Scroll            ||     3
 Stab: Sleeping          ||     7
Armor: Robe              ||     2
Dodge: Dodged            ||    15
